 Dungeon Crawl Stone Soup version 0.29.1-15-g9cfb28693d (webtiles) character file.

Game seed: 17186228174466504889

14 Gustavia the Shooter (level 2, 0/18 HPs)
             Began as a Kobold Hunter on Mar 9, 2023.
             Slain by a gnoll
             ... wielding a +0 club
              (3 damage)
             ... on level 1 of the Dungeon.
             The game lasted 00:03:15 (719 turns).

Gustavia the Shooter (Kobold Hunter)                 Turns: 719, Time: 00:03:16

Health: 0/18       AC:  3    Str:  8    XL:     2   Next: 55%
Magic:  2/2        EV: 14    Int: 10    God:
Gold:   87         SH:  0    Dex: 18    Spells: 1/1 levels left

rFire   . . .      SeeInvis .   a - +0 shortbow
rCold   . . .      Faith    .   (shield currently unavailable)
rNeg    . . .      Spirit   .   c - +0 leather armour
rPois   .          Reflect  .   (no helmet)
rElec   .          Harm     .   (no cloak)
rCorr   .          Rampage  .   (no gloves)
Will    .....                   (no boots)
Stlth   +++.......              (no amulet)
HPRegen 0.06/turn               (no ring)
MPRegen 0.08/turn               (no ring)

@: no status effects
A: small, no large weapons, nightstalker 3
a: no special abilities


You were on level 1 of the Dungeon.
You visited 1 branch of the dungeon, and saw 1 of its levels.

You collected 87 gold pieces.

Inventory:

Hand Weapons
 a - a +0 shortbow (weapon)
Armour
 c - a +0 leather armour (worn)
Scrolls
 b - a scroll of immolation
 d - 3 scrolls of teleportation


   Skills:
 + Level 2.3 Fighting
 + Level 5.9 Ranged Weapons
 + Level 2.6 Dodging
 + Level 1.4 Stealth


You had one spell level left.
You didn't know any spells.
Your spell library contained the following spells:

 Spells                   Type           Power      Damage    Failure   Level
 Freeze                   Ice            0%         1d3       50%         1
 Frozen Ramparts          Ice            0%         1d1       86%         3
 Hailstorm                Conj/Ice       0%         3d3       99%         4


Dungeon Overview and Level Annotations

Branches:
Dungeon (1/15)

Altars:


Innate Abilities, Weirdness & Mutations

You are small and have problems with some larger weapons.
You are completely attuned to the shadows.


Message History

Aim: a gnoll, wielding a +0 club (68% to hit)
You shoot an arrow. The arrow barely misses the gnoll.
The arrow closely misses the giant cockroach.
Fire: a) +0 shortbow
Press: ? - help, Q - select action Shift-Dir - straight line, f/p - gnoll
Aim: a gnoll, wielding a +0 club (68% to hit)
You shoot an arrow. The arrow barely misses the gnoll.
The arrow hits the frilled lizard!
You kill the frilled lizard!
The giant cockroach bites you. The gnoll closely misses you.
The giant cockroach misses you.
There is an open door here.
Fire: a) +0 shortbow
Press: ? - help, Q - select action Shift-Dir - straight line, f/p - gnoll
Aim: a gnoll, wielding a +0 club (68% to hit)
You shoot an arrow. The arrow barely misses the gnoll.
The arrow hits the giant cockroach.
The giant cockroach is severely wounded.
The gnoll hits you with a +0 club. The gnoll closely misses you.
Fire: a) +0 shortbow
Press: ? - help, Q - select action Shift-Dir - straight line, f/p - gnoll
Aim: a gnoll, wielding a +0 club (68% to hit)
You shoot an arrow.
The arrow hits the gnoll but does no damage.
The gnoll hits you with a +0 club.
Fire: a) +0 shortbow
Press: ? - help, Q - select action Shift-Dir - straight line, f/p - gnoll
Aim: a gnoll, wielding a +0 club (68% to hit)
You shoot an arrow. The arrow hits the gnoll!
The gnoll is heavily wounded.
The gnoll hits you with a +0 club.
Fire: a) +0 shortbow
Press: ? - help, Q - select action Shift-Dir - straight line, f/p - gnoll
Aim: a gnoll, wielding a +0 club (heavily wounded, 68% to hit)
You shoot an arrow. The arrow barely misses the gnoll.
The arrow closely misses the giant cockroach.
The gnoll hits you with a +0 club.
* * * LOW HITPOINT WARNING * * *
The gnoll hits you with a +0 club.
You die...

.####..#
#.#.# .#
#..# #.#.#
.# .....
..#.# .#
...## #.##
#..# ##.#
##.# #..#
##@##
##8g8##
#..B..##
#8.....8#
....†....#
.........8#
....$.....+
........8


You could see a gnoll and a giant cockroach.

Vanquished Creatures
  2 endoplasms (D:1)
  2 hobgoblins (D:1)
  3 kobolds (D:1)
  2 ball pythons (D:1)
  2 frilled lizards (D:1)
  A goblin (D:1)
12 creatures vanquished.

Notes
Turn   | Place    | Note
-------+----------+-------------------------------------------
     0 | D:1      | Gustavia the Kobold Hunter began the quest for the Orb.
     0 | D:1      | Reached XP level 1. HP: 12/12 MP: 1/1
   350 | D:1      | Reached XP level 2. HP: 13/18 MP: 2/2
   719 | D:1      | Slain by a gnoll

Illustrated notes

Levels and vault maps discovered:
D:1:      giann_forest_graveyard, layout_loops_ring,
          shapermc_ecumenical_altar_acropolis, dk_noncrumbling_4

Action                   || total
-------------------------++-------
 Fire: Shortbow          ||    34
  Use: Scroll            ||     3
       Potion            ||     1
Armor: Leather armour    ||     2
Dodge: Dodged            ||    11
